 Dungeon Crawl Stone Soup version 0.28.0-45-g0d030f2227 (webtiles) character file.

Game seed: 2623589563307922240

2 Icepheonix32 the Skirmisher (level 1, -8/18 HPs)
             Began as a Demonspawn Fighter on Apr 10, 2022.
             Mangled by Terence
             ... wielding a +2 mace of protection
              (9 damage)
             ... on level 2 of the Dungeon.
             The game lasted 00:00:22 (59 turns).

Icepheonix32 the Skirmisher (Demonspawn Fighter)      Turns: 59, Time: 00:00:23

Health: -8/18      AC:  6    Str: 16    XL:     1   Next: 33%
Magic:  1/1        EV:  8    Int:  9    God:
Gold:   0          SH:  4    Dex: 12    Spells: 0/0 levels left

rFire   . . .      SeeInvis .   a - +0 long sword
rCold   . . .      Faith    .   c - +0 buckler
rNeg    . . .      Spirit   .   b - +0 scale mail
rPois   .          Reflect  .   (no helmet)
rElec   .          Harm     .   (no cloak)
rCorr   .          Rampage  .   (no gloves)
Will    .....                   (no boots)
Stlth   ..........              (no amulet)
HPRegen 0.06/turn               (no ring)
MPRegen 0.07/turn               (no ring)

@: mighty, slowed, very slow
A: no striking features
a: no special abilities


You were on level 2 of the Dungeon.
You visited 1 branch of the dungeon, and saw 2 of its levels.

Inventory:

Hand Weapons
 a - a +0 long sword (weapon)
Armour
 b - a +0 scale mail (worn)
 c - a +0 buckler (worn)


   Skills:
 + Level 3.0 Fighting
 * Level 1.8 Long Blades
 + Level 2.7 Armour
 + Level 2.7 Shields


You couldn't memorise any spells.
You didn't know any spells.
Your spell library was empty.

Dungeon Overview and Level Annotations

Branches:
Dungeon (1/15)

Altars:

Annotations:
D:2 Jessica, Terence


Message History

A hobgoblin comes into view.
The hobgoblin shouts!
Jessica the Apprentice Sorceress comes into view.
She is wielding a +0 dagger.
You closely miss the hobgoblin.
Jessica casts a spell.
Jessica seems to speed up.
The hobgoblin hits you but does no damage.
You closely miss the hobgoblin. The hobgoblin barely misses you.
The hobgoblin hits you but does no damage.
You slash the hobgoblin!
You kill the hobgoblin!
Jessica casts a spell at you.
You feel yourself slow down.
Unknown command.
Unknown command.
Jessica mumbles some strange words.
Jessica blinks!
You feel very mighty all of a sudden.
Jessica gestures wildly while chanting.
Jessica blinks!
Terence hits you with a +2 mace of protection.
You hit Terence.
Terence is moderately wounded.
Terence hits you with a +2 mace of protection.
Jessica gestures wildly while chanting.
Jessica blinks!
You block Terence's attack.
Jessica shouts, "You are a ghastly nuisance!"
You closely miss Terence.
Terence is moderately wounded.
Jessica shouts, "You are a ghastly nuisance!"
Terence hits you with a +2 mace of protection.
* * * LOW HITPOINT WARNING * * *
You block Terence's attack.
Unknown command.
You hit Terence but do no damage.
Terence is moderately wounded.
Terence bares his teeth.
Terence hits you with a +2 mace of protection!
Ouch! That really hurt!
You die...

.....P........##.
P.≈≈.............
≈≈≈≈..........####
.≈≈≈≈..†..........
P.≈≈≈..#..........
.P............###
##........o@...#
.$#.#####@##.##
#.#. #@# .# #.# #
#.# #.# #.# #..
###


You could see Terence, Jessica (fast) and an orc.

Vanquished Creatures
  An endoplasm (D:2)
  A hobgoblin (D:2)
2 creatures vanquished.

Vanquished Creatures (others)
  A withered plant (D:2)
1 creature vanquished.

Grand Total: 3 creatures vanquished

Notes
Turn   | Place    | Note
-------+----------+-------------------------------------------
     0 | D:1      | Icepheonix32 the Demonspawn Fighter began the quest for the
                  | Orb.
     0 | D:1      | Reached XP level 1. HP: 18/18 MP: 1/1
    17 | D:1      | You fall into a shaft and drop 1 floor!
    25 | D:2      | Noticed an orc priest
    28 | D:2      | Noticed Terence
    48 | D:2      | Noticed Jessica
    59 | D:2      | Mangled by Terence

Illustrated notes

Levels and vault maps discovered:
D:1:      minmay_arrival_cross, layout_rooms, serial_shops,
          nicolae_shop_hallway_plus, shop,
          dreamdust_ecumenical_altar_angels_and_demons
D:2:      cheibrodos_pilgrimage, layout_loops_ring, basic_altar, serial_undead,
          serial_undead_b, serial_undead_f, serial_undead_e, serial_undead_e,
          serial_undead_f, serial_undead_c, serial_undead_a, serial_undead_c,
          serial_undead_b, serial_undead_d, minmay_misc_feat_five,
          dk_vineyard_3, uniq_jessica, uniq_terence

Action                   || total
-------------------------++-------
Melee: Long sword        ||     7
  Use: Potion            ||     1
Armor: Scale mail        ||     2
Dodge: Dodged            ||     1
Block: Buckler           ||     2
